 Dungeon Crawl Stone Soup version 0.28.0-53-g5a82cb258f (webtiles) character file.

Game seed: 6433103287293589946

3155 Stomo the Skirmisher (level 9, -4/78 HPs)
             Began as a Pale Draconian Monk on July 4, 2022.
             Was a Priest of Vehumet.
             Killed by miscasting Lightning Bolt (12 damage)
             ... in a bailey.
             The game lasted 00:13:54 (8044 turns).

Stomo the Skirmisher (Pale Draconian Monk)          Turns: 8044, Time: 00:13:55

Health: -4/78      AC: 10    Str: 17    XL:     9   Next: 62%
Magic:  5/16       EV: 15    Int: 11    God:    Vehumet [***...]
Gold:   397        SH:  0    Dex: 20    Spells: 12/17 levels left

rFire   + . .      SeeInvis .   l - +9 mace "Weofoafy" {drain, rF+ rN+ rCorr}
rCold   + . .      Faith    .   (no shield)
rNeg    + . .      Spirit   .   (armour unavailable)
rPois   .          Reflect  .   i - +1 hat
rElec   .          Harm     .   z - +0 cloak
rCorr   +          Rampage  .   (no gloves)
Will    .....                   v - +0 pair of boots
Stlth   ++........              E - amulet of magic regeneration
HPRegen 0.23/turn               h - ring of protection from cold
MPRegen 0.55/turn               s - +6 ring of dexterity

@: very slightly contaminated
A: breathe steam, AC +7, unfitting armour, cold-blooded, steam resistance
a: Breathe Steam, Renounce Religion


You were in a bailey.
You worshipped Vehumet.
Vehumet was most pleased with you.
You visited 2 branches of the dungeon, and saw 9 of its levels.
You also visited: Bailey.

You collected 397 gold pieces.

Inventory:

Hand Weapons
 a - a +0 mace
 l - the +9 mace "Weofoafy" (weapon) {drain, rF+ rN+ rCorr}
   (You found it on level 4 of the Dungeon)

   A truly terrible weapon, it drains the life of any living foe it strikes.
   rF:        It protects you from fire.
   rN:        It protects you from negative energy.
   rCorr:     It protects you from acid and corrosion.
 n - a +0 flail
 o - a +0 flail of protection
Armour
 i - a +1 hat (worn)
 v - a +0 pair of boots (worn)
 z - a +0 cloak (worn)
Jewellery
 e - a ring of ice
 h - a ring of protection from cold (left hand)
 s - a +6 ring of dexterity (right hand)
 u - an amulet of faith
 w - a ring of protection from cold
 E - an amulet of magic regeneration (around neck)
Wands
 t - a wand of iceblast (7)
 B - a wand of polymorph (10)
Scrolls
 g - 6 scrolls of identify
 k - 4 scrolls of magic mapping
 x - 3 scrolls of teleportation {unknown}
 y - a scroll of vulnerability {unknown}
 C - a scroll of enchant weapon {unknown}
 D - a scroll of immolation {unknown}
Potions
 b - a potion of attraction
 c - a potion of resistance
 d - a potion of cancellation
 f - 2 potions of berserk rage
 j - a potion of haste {unknown}
 m - 2 potions of brilliance {unknown}
 p - 5 potions of curing {unknown}
 q - 3 potions of lignification {unknown}
 r - a potion of magic {unknown}
 A - a potion of invisibility {unknown}


   Skills:
 + Level 6.7 Fighting
 + Level 6.1 Maces & Flails
 + Level 5.6 Dodging
 - Level 1.7 Stealth
 + Level 4.9 Spellcasting
 + Level 5.4 Conjurations
 + Level 6.2 Air Magic


You had 12 spell levels left.
You knew the following spells:

 Your Spells              Type           Power      Damage    Failure   Level
a - Lightning Bolt        Conj/Air       7%         1d20      16%         5

Your spell library contained the following spells:

 Spells                   Type           Power      Damage    Failure   Level
 Olgreb's Toxic Radiance  Pois           2%         N/A       45%         4
 Magic Dart               Conj           56%        1d5       1%          1
 Searing Ray              Conj           28%        2d5       1%          2
 Conjure Flame            Conj/Fire      8%         6-21      6%          3
 Animate Skeleton         Necr           4%         N/A       22%         1
 Apportation              Tloc           4%         N/A       22%         1
 Summon Small Mammal      Summ           8%         N/A       22%         1
 Blink                    Tloc           4%         N/A       32%         2
 Gell's Gravitas          Tloc           2%         N/A       54%         3
 Lesser Beckoning         Tloc           2%         N/A       54%         3
 Teleport Other           Tloc           2%         N/A       54%         3
 Manifold Assault         Tloc           2%         N/A       99%         5
 Dispersal                Tloc           1%         N/A       100%        6
 Storm Form               Tmut/Air       4%         N/A       100%        7


Dungeon Overview and Level Annotations

Branches:
Dungeon (8/15)             Temple (1/1) D:5            Lair (0/6) D:8
 Bailey (1/1)

Altars:
Ashenzari
Cheibriados
Dithmenos
Elyvilon
Fedhas
Gozag
Kikubaaqudgha
Makhleb
Okawaru
Qazlal
Ru
Sif Muna
Trog
Uskayaw
Vehumet
Xom
Yredelemnul
Zin

Shops:
D:7 (


Innate Abilities, Weirdness & Mutations

You can breathe blasts of scalding, opaque steam.
Your pale cyan-grey scales are hard. (AC +7)
You cannot fit into any form of body armour.
You are cold-blooded and may be slowed by cold attacks.
You are immune to the effects of steam.


Message History

The orc warrior misses you.
Unknown command.
Casting: Lightning Bolt (dangerous; 16% risk of failure)
Confirm with . or Enter, or press ? or * to list all spells.
You don't have enough magic to cast this spell.
You hit the orc warrior. You drain the orc warrior.
The orc warrior is almost dead.
The orc warrior hits you with a +0 war axe.
* * * LOW HITPOINT WARNING * * *
An orc warrior opens the large door.
You sock the orc warrior!
You kill the orc warrior!
Vehumet accepts your kill.
You feel your power returning.
You can't do that yet.
Unknown command.
Okay, then.
As you read the scroll of identify, it crumbles to dust.
c - a potion of resistance
As you read the scroll of identify, it crumbles to dust.
d - a potion of cancellation
As you read the scroll of identify, it crumbles to dust.
f - 2 potions of berserk rage A gnoll comes into view.
It is wielding a +0 war axe.
You can't do that yet.
You have got your breath back.
The orc warrior closely misses you. The orc warrior closely misses you.
You sock the orc warrior!
The orc warrior is moderately wounded.
The orc warrior hits you with a +0 war axe.
* * * LOW HITPOINT WARNING * * *
Unknown command.
Casting: Lightning Bolt (dangerous; 16% risk of failure)
Confirm with . or Enter, or press ? or * to list all spells.
Aiming: Lightning Bolt (dangerous; 16% risk of failure)
Press: ? - help, Shift-Dir - straight line, f - orc warrior
Aim: an orc warrior, wielding a +0 war axe and wearing a +0 plate armour (moderately wounded, 59% to hit)
You miscast Lightning Bolt.
The wind whips around you!
You die...

≈≈≈≈≈≈≈S≈≈...≈≈≈≈≈≈≈≈≈≈
######≈≈≈≈...≈≈≈≈######
#...........#
#####')'#####
#..'.))).'..#
#..'.....'..#
#..#).⌠..# ....#.....#
8.. #@og..# .. #######


You could see an orc warrior and a gnoll.

Vanquished Creatures
  A gargoyle (D:8)
  2 water moccasins
  2 black bears (D:5)
  3 orc warriors
  2 necrophages (D:5)
  4 ogres
  2 centaurs
  A phantom (D:7)
  A kobold brigand (D:8)
  A bullfrog (D:7)
  A gnoll sergeant (D:8)
  4 scorpions
  A water moccasin skeleton (D:5)
  A howler monkey (D:5)
  2 electric eels
  2 bullfrog zombies (D:5)
  4 centaur skeletons
  A hound (D:6)
  2 jellies
  An orc priest (D:3)
  A bullfrog skeleton (D:5)
  3 iguanas
  3 orc wizards
  A hound zombie (D:5)
  11 adders
  11 gnolls
  2 ufetubi
  2 worms (D:3)
  2 dart slugs
  25 orcs
  6 endoplasms
  4 giant cockroaches
  25 goblins
  10 hobgoblins
  5 jackals
  2 quokkas
  5 ball pythons
  6 bats
  2 frilled lizards (D:2)
  11 kobolds
  3 rats (D:1)
178 creatures vanquished.

Vanquished Creatures (others)
  36 plants (D:8)
36 creatures vanquished.

Grand Total: 214 creatures vanquished

Notes
Turn   | Place    | Note
-------+----------+-------------------------------------------
     0 | D:1      | Stomo the Draconian Monk began the quest for the Orb.
     0 | D:1      | Reached XP level 1. HP: 19/19 MP: 1/1
   285 | D:1      | Reached XP level 2. HP: 26/26 MP: 2/2
   323 | D:1      | Found a faded altar of an unknown god.
   930 | D:2      | Reached XP level 3. HP: 20/33 MP: 3/3
  1616 | D:2      | You fall into a shaft and drop 2 floors!
  1977 | D:2      | Reached XP level 4. HP: 31/40 MP: 4/4
  2289 | D:3      | Found an iron altar of Okawaru.
  3387 | D:3      | Reached XP level 5. HP: 47/47 MP: 5/5
  3454 | D:4      | Noticed an ogre
  3607 | D:4      | Identified the +9 mace "Weofoafy" {drain, rF+ rN+ rCorr}
  3801 | D:4      | Noticed a centaur
  3806 | D:4      | Reached skill level 5 in Fighting
  3814 | D:4      | Killed a centaur
  3815 | D:4      | Reached XP level 6. HP: 51/56 MP: 6/6
  4240 | D:5      | Entered Level 5 of the Dungeon
  4252 | D:5      | Found a shimmering blue altar of Sif Muna.
  4300 | D:5      | Found a broken altar of Ashenzari.
  4308 | D:5      | Reached skill level 5 in Maces & Flails
  4308 | D:5      | Your scales start taking on a pale cyan-grey colour.
  4308 | D:5      | Reached XP level 7. HP: 62/62 MP: 7/7
  4308 | D:5      | Gained mutation: You are immune to the effects of steam.
                  | [Pale Draconian growth]
  4310 | D:5      | Found a shadowy altar of Dithmenos.
  4337 | D:5      | Found a staircase to the Ecumenical Temple.
  4376 | Temple   | Entered the Ecumenical Temple
  4764 | Temple   | Became a worshipper of Vehumet
  4764 | Temple   | Reached * piety under Vehumet
  4764 | Temple   | Offered knowledge of Foxfire by Vehumet.
  4764 | Temple   | Reached ** piety under Vehumet
  4840 | D:5      | Found a blossoming altar of Fedhas.
  5193 | D:5      | Offered knowledge of Poisonous Vapours by Vehumet.
  5263 | D:5      | Got Pepliok's Disquisition on Battle Magic
  5430 | D:5      | Reached skill level 5 in Dodging
  5501 | D:5      | Learned a level 5 spell: Lightning Bolt
  5659 | D:5      | Reached skill level 1 in Spellcasting
  5659 | D:5      | Reached skill level 1 in Conjurations
  5659 | D:5      | Reached skill level 1 in Air Magic
  5659 | D:5      | Reached XP level 8. HP: 71/71 MP: 7/9
  6401 | D:7      | Found Mautev's Weapon Shop.
  6677 | D:7      | Offered knowledge of Ignite Poison by Vehumet.
  6817 | D:7      | Found a sacrificial altar of Ru.
  6838 | D:7      | Reached XP level 9. HP: 66/78 MP: 14/14
  7021 | D:7      | Reached *** piety under Vehumet
  7475 | D:8      | Reached skill level 5 in Air Magic
  7519 | D:8      | Offered knowledge of Olgreb's Toxic Radiance by Vehumet.
  7569 | D:8      | Found Fuobb's Magic Scroll Emporium.
  7569 | D:8      | Noticed a gargoyle
  7584 | D:8      | Killed a gargoyle
  7585 | D:8      | Reached skill level 5 in Conjurations
  7794 | D:8      | Found a staircase to the Lair.
  7977 | D:8      | Found a flagged portal.
  7987 | Bailey   | Entered a bailey
  8044 | Bailey   | Killed by miscasting Lightning Bolt

Illustrated notes

Levels and vault maps discovered:
D:1:      amcnicky_arrival_flooded_fountain, layout_basic,
          hellmonk_ecumenical_altar_run_dry
D:2:      layout_loops_cross, kennysheep_generic_room_3
D:3:      layout_basic, overflow_temple_1_default, minmay_misc_feat_five,
          minmay_misc_feat_enclosed, st_stairs_7, minmay_quadrilaterals
D:4:      layout_cave_pools, minmay_crystal_room, patterned_corridor
D:5:      layout_gridville, lemuel_tele_altar, led_sif_book,
          jmf_multi_god_temple, minmay_temple_entry_butterflies,
          minmay_joined_circles
D:6:      layout_gridville, lemuel_old_faithful
D:7:      corexii_shantytown, layout_basic, nicolae_ru_awakened_eye,
          serial_shops, nicolae_shop_bloodbath_and_beyond
D:8:      layout_loops_corners, lair_entry_dummy, serial_shops, shop,
          enter_bailey_5, serial_rivers, chequers_serial_rivers_large_a,
          chequers_serial_rivers_room_b, chequers_serial_rivers_micro_a,
          chequers_serial_rivers_room_b, chequers_serial_rivers_small_3,
          corner_web_ring, hangedman_decor_clover_reticule,
          serial_bayou_lagoon_a, uniq_prince_ribbit1, uniq_harold
Temple:   minmay_temple_forest_path
Bailey:   bailey_axe_of_yendor_kennysheep, bailey

Skill      XL: |  1  2  3  4  5  6  7  8  9 |
---------------+----------------------------+-----
Dodging        | 3 4 5 |  5.6
Fighting       | 4 5 6 |  6.7
Maces & Flails | 4 5 6 |  6.1
Spellcasting   | 1 3 4 |  4.9
Conjurations   | 1 4 5 |  5.4
Air Magic      | 1 4 6 |  6.2
Stealth        | |  1.7

Action                   |  1- 3 |  4- 6 |  7- 9 || total
-------------------------+-------+-------+-------++-------
Melee: Mace              |   119 |    72 |   196 ||   387
       Tailslap          |    12 |    13 |    21 ||    46
       Punch             |     1 |     3 |     3 ||     7
       Flail             |       |    36 |       ||    36
 Cast: Lightning Bolt    |       |       |     8 ||     8
 Abil: Breathe Steam     |       |       |    18 ||    18
  Use: Scroll            |       |     5 |     4 ||     9
 Stab: Distracted        |     1 |       |     1 ||     2
       Sleeping          |     3 |     6 |    12 ||    21
Armor: Skin              |    34 |    37 |    45 ||   116
Dodge: Dodged            |    84 |    92 |   136 ||   312
